 Dungeon Crawl Stone Soup version 0.29-a0-289-g2178c42546 (webtiles) character file.

Game seed: 1262467593093675941

23 inmateoo the Skirmisher (level 2, -15/24 HPs)
             Began as a Demonspawn Fighter on Mar 18, 2022.
             Demolished by a goblin
             ... wielding a +2 dagger of electrocution
              (19 damage)
             ... on level 1 of the Dungeon.
             The game lasted 00:00:38 (865 turns).

inmateoo the Skirmisher (Demonspawn Fighter)         Turns: 865, Time: 00:00:38

Health: -15/24     AC:  7    Str: 16    XL:     2   Next: 75%
Magic:  2/2        EV:  9    Int:  9    God:
Gold:   24         SH:  4    Dex: 12    Spells: 1/1 levels left

rFire   . . .      SeeInvis .   a - +0 war axe
rCold   . . .      Faith    .   c - +0 buckler
rNeg    . . .      Spirit   .   b - +0 scale mail
rPois   .          Reflect  .   (no helmet)
rElec   .          Harm     .   (no cloak)
rCorr   .          Rampage  .   e - +0 pair of gloves
Will    .....                   (no boots)
Stlth   ..........              (no amulet)
HPRegen 0.08/turn               (no ring)
MPRegen 0.08/turn               (no ring)

@: no status effects
A: ignite blood 1
a: no special abilities


You were on level 1 of the Dungeon.
You visited 1 branch of the dungeon, and saw 1 of its levels.

You collected 24 gold pieces.

Inventory:

Hand Weapons
 a - a +0 war axe (weapon)
Armour
 b - a +0 scale mail (worn)
 c - a +0 buckler (worn)
 e - a +0 pair of gloves (worn)
Scrolls
 g - a scroll of vulnerability {unknown}
 h - a scroll of fog {unknown}
Potions
 d - a potion of might
 f - 2 potions of curing {unknown}
 i - a potion of invisibility {unknown}


   Skills:
 + Level 3.1 Fighting
 * Level 2.2 Axes
 + Level 2.9 Armour
 + Level 0.5 Dodging
 + Level 2.9 Shields


You had one spell level left.
You didn't know any spells.
Your spell library was empty.

Dungeon Overview and Level Annotations

Branches:
Dungeon (1/15)

Altars:


Innate Abilities, Weirdness & Mutations

Your demonic aura sometimes causes spilled blood to erupt in flames.


Message History

The hobgoblin hits you but does no damage.
The hobgoblin hits you.
A hobgoblin is nearby!
You closely miss the hobgoblin.
The hobgoblin is almost dead.
You block the hobgoblin's attack.
A hobgoblin is nearby!
You slash the hobgoblin!
You kill the hobgoblin!
There is an open door here.
Key pressed, stopping explore.
No target in view!
You see here a hobgoblin skeleton.
There is a stone staircase leading down here.
You enter the shallow water.
Moving in this stuff is going to be slow.
Key pressed, stopping explore.
No target in view!
A goblin comes into view.
It is wielding a +2 dagger of electrocution.
The goblin shouts!
You barely miss the goblin.
The goblin hits you but does no damage. x2
A goblin is nearby!
You barely miss the goblin. You block the goblin's attack.
A goblin is nearby!
You closely miss the goblin. The goblin closely misses you.
The goblin hits you with a +2 dagger of electrocution.
You are electrocuted!!
Ouch! That really hurt!
* * * LOW HITPOINT WARNING * * *
You are too injured to fight recklessly!
A goblin is nearby!
You are too injured to fight recklessly!
Unknown command.
Press: ? - help, v - describe, . - travel
Here: a goblin, wielding a +2 dagger of electrocution The floor.
You completely miss the goblin. The goblin hits you but does no damage.
You are electrocuted!!
Ouch! That really hurt!
You die...

######### #.# #.#
.#......############.# #.#
........>............# #.#
.#......#####..####### #.#
.#......#####..# #.#
...........##..# #.#
...............############.###
.#########.#...#.g............#
.#### #.#...#@# #######.#.#
÷...# #.#.....##########.#.#
....# ####.#..#..##.......#.#.#
....# #....#..#..########.#.#.#
....# #....#................#.#
....# #....#.#.#............#.#
....# #....#.#.##....####.#.#.#
....#
#....#.#..#....####.#♣♣♣♣♣
....#
#....#.##.#....≈≈≈≈P≈≈≈≈≈♣♣


You could see a goblin.

Vanquished Creatures
  An endoplasm (D:1)
  3 goblins (D:1)
  9 hobgoblins (D:1)
  A kobold (D:1)
  2 ball pythons (D:1)
  A bat (D:1)
  A frilled lizard (D:1)
  2 rats (D:1)
20 creatures vanquished.

Notes
Turn   | Place    | Note
-------+----------+-------------------------------------------
     0 | D:1      | inmateoo the Demonspawn Fighter began the quest for the
                  | Orb.
     0 | D:1      | Reached XP level 1. HP: 18/18 MP: 1/1
   193 | D:1      | Gained mutation: Your demonic aura sometimes causes spilled
                  | blood to erupt in flames. [demonic ancestry]
   193 | D:1      | Reached XP level 2. HP: 24/24 MP: 2/2
   865 | D:1      | Demolished by a goblin

Illustrated notes

Levels and vault maps discovered:
D:1:      dpeg_arrival_leaves_temple_mockup, layout_basic, serial_bayou,
          serial_bayou_pond_d, serial_bayou_pond_d, serial_bayou_shore_a,
          serial_bayou_shore_b

Skill      XL: |  1 |
---------------+----+-----
Axes           | 2 |  2.2
Fighting       | |  3.1
Armour         | |  2.9
Dodging        | |  0.5
Shields        | |  2.9

Action                   || total
-------------------------++-------
Melee: War axe           ||    52
Armor: Scale mail        ||    29
Dodge: Dodged            ||    18
Block: Buckler           ||     8

Table legend: (Time is in decaauts)
 A = Elapsed time spent in this place.
 B = Non-inter-level travel time spent in this place.
 C = Inter-level travel time spent in this place.
 D = Time resting spent in this place.
 E = Time spent auto-exploring this place.
 F = Levels seen in this place.
 G = Mean time per level.
                   A        B        C        D        E       F      G
               +--------+--------+--------+--------+--------+-----+--------+
         Total |    896 |    896 |      0 |      0 |    746 |   1 |  896.0 |
       Dungeon |    896 |    896 |      0 |      0 |    746 |   1 |  896.0 |
               +--------+--------+--------+--------+--------+-----+--------+

Top non-repeatable levels by time:
     D:1: 896 daAuts
